 Dungeon Crawl Stone Soup version 0.30-a0-782-ge64f9170bb (webtiles) character file.

Game seed: 6136337339117436175

14 Esekla the Sneak (level 2, -1/21 HPs)
             Began as an Octopode Delver on Feb 19, 2023.
             Was an Initiate of Gozag.
             Slain by Terence
             ... wielding a +0 short sword
              (4 damage)
             ... on level 3 of the Dungeon.
             The game lasted 00:05:46 (624 turns).

Esekla the Sneak (Octopode Delver)                   Turns: 624, Time: 00:05:46

Health: -1/21      AC:  1    Str: 11    XL:     2   Next: 41%
Magic:  2/2        EV: 13    Int: 12    God:    Gozag
Gold:   81         SH:  0    Dex: 13    Spells: 1/1 levels left

rFire   . . .      SeeInvis .    a - +0 falchion
rCold   . . .      Faith    .    (no shield)
rNeg    . . .      Spirit   .    (helmet restricted)
rPois   .          Reflect  .    (no amulet)
rElec   .          Harm     .    (no ring)
rCorr   .          Rampage  .    (no ring)
Will    .....                    (no ring)
Stlth   ++++                     (no ring)
HPRegen 0.23/turn                (no ring)
MPRegen 0.08/turn                (no ring)
                                 (no ring)
                                 (no ring)

@: hasted, very quick
A: almost no armour, amphibious, 8 rings, camouflage 1, gelatinous body 1,
(nimble swimmer 1), tentacles
a: Renounce Religion, Potion Petition, Call Merchant, Bribe Branch


You were on level 3 of the Dungeon.
You worshipped Gozag.
Gozag was noncommittal.
You visited 1 branch of the dungeon, and saw 3 of its levels.

You collected 93 gold pieces.
You paid 12 gold pieces to Gozag.

Inventory:

Hand Weapons
 a - a +0 falchion (weapon)
 h - a +0 dagger of venom
Missiles
 g - 2 poisoned darts (quivered)
Wands
 f - a wand of digging (1)
Scrolls
 b - a scroll of fog
 c - a scroll of vulnerability {unknown}
 d - a scroll of summoning {unknown}


   Skills:
 * Level 3.1 Fighting
 * Level 2.4 Long Blades
 * Level 2.1 Dodging
 + Level 6.8 Stealth


You had one spell level left.
You didn't know any spells.
Your spell library was empty.

Dungeon Overview and Level Annotations

Branches:
Dungeon (5/15)             Temple (0/1) D:4

Altars:
Gozag
Ru
Trog

Annotations:
D:3 Terence
D:5 Blork the orc


Innate Abilities, Weirdness & Mutations

You cannot wear most types of armour.
You are amphibious.
You can wear up to eight rings at the same time.
Your skin changes colour to match your surroundings (Stealth+).
Your rubbery body absorbs attacks. (AC +1, EV +1)
((You are camouflaged when in or above water. (Stealth+)))
You have tentacles for arms and can constrict up to eight enemies at once.


Message History

Terence flickers and vanishes!
Deactivating autopickup; reactivate with Ctrl-A.
The orc is distracted by your dazzling golden aura.
You barely miss the orc.
The orc is no longer distracted by gold.
The orc shouts!
Your grab misses the orc. You squeeze the orc!
You kill the orc!
The bat hits you. The orc hits you with a +0 short sword.
You closely miss the bat. Your grab misses the bat.
Your squeeze misses the bat. The bat hits you. The orc barely misses you.
You hit the orc but do no damage. You grab the orc.
You constrict the orc, but do no damage.
The bat hits you. The orc closely misses you.
The bat is distracted by your dazzling golden aura.
You closely miss the bat.
The bat is no longer distracted by gold.
Your grab misses the bat. Your squeeze misses the bat.
You constrict the orc, but do no damage.
The bat closely misses you.
The bat is distracted by your dazzling golden aura.
The orc closely misses you.
You closely miss the bat.
The bat is no longer distracted by gold.
Your grab misses the bat. Your squeeze misses the bat. You constrict the orc.
The bat hits you but does no damage.
The bat is distracted by your dazzling golden aura.
The rat is distracted by your dazzling golden aura.
The orc barely misses you.
You hit the orc.
You kill the orc!
You closely miss something. You squeeze something. Something hits you.
Something hits you!
* * * LOW HITPOINT WARNING * * *
Okay, then.
You feel yourself speed up.
The rat is no longer distracted by gold.
Something hits you.
You die...
Your body crumbles into a pile of gold.

########## #...$....#
.... #........##..
#.... #..#.@#r.....
##.... #.#b.#$.##...
##..... #...#.......
#...... #..#..#.....#
#......
#.#..#......####......
##...#.......##........
#...#..#........#...>..
#..#..#.......###......
#....#....... #......


You could see a bat and a rat.

Vanquished Creatures
  A dart slug (D:5)
  3 orcs (D:3)
  A bat (D:3)
  2 goblins (D:3)
  A ball python (D:3)
8 creatures vanquished.

Notes
Turn   | Place    | Note
-------+----------+-------------------------------------------
     0 | D:5      | Esekla the Octopode Delver began the quest for the Orb.
     0 | D:5      | Reached XP level 1. HP: 16/16 MP: 1/1
    18 | D:5      | Noticed a scorpion
    25 | D:5      | Noticed a sky beast
    44 | D:5      | Noticed Blork the orc
    88 | D:5      | Found an opulent altar of Gozag.
    91 | D:5      | Noticed a hound
    96 | D:5      | Became a worshipper of Gozag Ym Sagoz the Greedy
   208 | D:4      | Noticed an iguana
   243 | D:4      | Noticed an iguana
   482 | D:4      | Found a staircase to the Ecumenical Temple.
   555 | D:3      | Noticed Terence
   613 | D:3      | Reached XP level 2. HP: 21/21 MP: 2/2
   624 | D:3      | Slain by Terence

Illustrated notes

Levels and vault maps discovered:
D:3:      cheibrodos_thug_alley, layout_rooms,
          nicolae_overflow_quartered_altars, minmay_misc_feat_diagonals,
          nicolae_figureground_sparkle, uniq_terence
D:4:      layout_basic, minmay_temple_entry_stoned_glass, serial_bayou_lake_a
D:5:      layout_loops_corners, nicolae_overflow_hidden_temple,
          nicolae_overflow_crystal_walls, hangedman_decor_opposing,
          lightli_minifort, uniq_eustachio, uniq_sigmund, uniq_blork_the_orc

Action                     || total
---------------------------++-------
  Melee: Falchion          ||    18
         Tentacles         ||     5
         Constrict         ||     4
  Evoke: Wand              ||     2
    Use: Scroll            ||     2
         Potion            ||     1
   Stab: Sleeping          ||     1
 Armour: Skin              ||     4
  Dodge: Dodged            ||    11

Table legend: (Time is in decaauts)
 A = Elapsed time spent in this place.
 B = Non-inter-level travel time spent in this place.
 C = Inter-level travel time spent in this place.
 D = Time resting spent in this place.
 E = Time spent auto-exploring this place.
 F = Levels seen in this place.
 G = Mean time per level.
                   A        B        C        D        E       F      G
               +--------+--------+--------+--------+--------+-----+--------+
         Total |    626 |    626 |      0 |      0 |      0 |   3 |  208.7 |
       Dungeon |    626 |    626 |      0 |      0 |      0 |   3 |  208.7 |
               +--------+--------+--------+--------+--------+-----+--------+

Top non-repeatable levels by time:
     D:4: 394 daAuts
     D:5: 149 daAuts
     D:3: 82 daAuts
